Map: Romanticide LE

Players

Neeb - Winner!

  • Race: Protoss Protoss
  • Spawn Location: 11:00

Scarlett

  • Race: Zerg Zerg
  • League: Master
  • Spawn Location: 5:00

Event: DreamHack SC2 Masters 2020 Winter

VOD

Have the link to the VOD?

Description

Time

  • Played on: Nov. 8, 2020, 4:51 p.m.
  • Length: 17:55

All games in this series

Show
View Real Time Build Order
Export as new Build Order

Neeb Protoss - Winner!

Build Orders: 1 Gate Expand, Oracle Opening, Archon Immortal, Carriers 

Get SALT Encoding   

  12  0:00  Probe  
  13  0:12  Probe  
  14  0:19  Pylon  
  14  0:24  Probe  
  15  0:37  Probe (Chrono Boost)  
  15  0:40  Gateway  
  16  0:47  Probe (Chrono Boost)  
  16  0:49  Assimilator  
  17  0:52  Probe (Chrono Boost)  
  18  1:04  Probe  
  19  1:16  Probe  
  20  1:26  Nexus  
  20  1:35  Cybernetics Core  
  20  1:39  Probe  
  21  1:44  Assimilator  
  21  1:51  Probe  
  21  1:52  Pylon  
  22  2:03  Probe (Chrono Boost)  
  22  2:08  Adept (Chrono Boost)  
  23  2:13  Probe (Chrono Boost)  
  26  2:18  Probe (Chrono Boost)  
  26  2:20  Stargate  
  27  2:29  Probe  
  28  2:30  Adept (Chrono Boost)  
  28  2:35  Warp Gate  
  30  2:38  Probe  
  30  2:41  Probe  
  32  2:50  Gateway, Probe  
  33  2:53  Probe  
  33  3:00  Adept  
  33  3:02  Probe  
  33  3:04  Void Ray (Chrono Boost)  
  36  3:06  Probe  
  37  3:15  Probe  
  37  3:18  Probe  
  43  3:22  Pylon  
  43  3:27  Probe  
  43  3:32  Probe  
  45  3:39  Probe  
  45  3:40  Oracle (Chrono Boost)  
  49  3:44  Probe  
  50  3:52  Probe  
  49  4:00  Probe  
  49  4:02  Assimilator  
  48  4:04  Assimilator  
  48  4:05  Probe  
  48  4:07  Robotics Facility  
  49  4:12  Probe  
  51  4:17  Probe  
  51  4:18  Nexus  
  51  4:20  Oracle  
  51  4:23  Pylon  
  54  4:30  Pylon  
  54  4:41  Probe (Chrono Boost)  
  54  4:42  Adept, Probe (Chrono Boost)  
  54  4:43  Pylon, Adept  
  60  4:53  Probe (Chrono Boost)  
  60  4:54  Probe (Chrono Boost)  
  60  4:55  Forge  
  60  4:56  Twilight Council  
  62  5:00  Pylon  
  62  5:01  Probe x2 (Chrono Boost)  
  68  5:07  Immortal  
  68  5:09  Probe  
  68  5:11  Probe  
  70  5:15  Sentry x2  
  70  5:17  Shield Battery  
  75  5:21  Probe  
  76  5:28  Probe (Chrono Boost)  
  76  5:34  Protoss Ground Weapons Level 1 (Chrono Boost)  
  76  5:35  Probe (Chrono Boost)  
  78  5:37  Charge  
  78  5:38  Probe (Chrono Boost)  
  79  5:44  Probe x2 (Chrono Boost)  
  79  5:48  Probe (Chrono Boost), Immortal (Chrono Boost)  
  79  5:49  Probe (Chrono Boost)  
  85  5:51  Probe  
  83  5:58  Probe  
  83  6:00  Assimilator  
  83  6:01  Assimilator, Probe  
  83  6:03  Gateway, Sentry  
  87  6:05  Zealot  
  87  6:06  Gateway  
  87  6:08  Pylon, Probe  
  87  6:10  Probe  
  91  6:13  Templar Archives  
  91  6:16  Probe  
  91  6:17  Pylon  
  92  6:19  Observer (Chrono Boost)  
  92  6:22  Probe  
  94  6:28  Gateway  
  94  6:29  Gateway  
  94  6:34  Pylon  
  94  6:36  Gateway  
  94  6:37  Gateway, Immortal (Chrono Boost)  
  98  6:41  Probe x2  
  98  6:45  Probe  
  101  6:51  High Templar  
  101  6:52  High Templar  
  105  6:57  Probe  
  105  6:58  Probe  
  107  7:02  Nexus  
  107  7:06  Pylon  
  107  7:07  Archon  
  107  7:10  High Templar x2  
  107  7:12  Warp Prism (Chrono Boost)  
  113  7:16  Photon Cannon  
  113  7:20  Photon Cannon x2  
  113  7:24  High Templar x2, Archon, Zealot  
  113  7:25  Zealot  
  113  7:29  Pylon  
  121  7:30  Pylon  
  121  7:31  Archon  
  121  7:38  Shield Battery  
  121  7:39  Shield Battery  
  121  7:40  Immortal (Chrono Boost)  
  125  7:49  High Templar x2  
  125  7:50  Zealot x4  
  137  7:54  Archon  
  137  7:58  Protoss Ground Weapons Level 2 (Chrono Boost)  
  137  8:00  Pylon  
  137  8:02  Pylon x2  
  137  8:04  Pylon  
  137  8:18  High Templar x2, Zealot  
  137  8:19  Zealot x3  
  149  8:24  Archon, Pylon  
  144  8:27  Pylon  
  144  8:29  Probe  
  144  8:30  Zealot x2  
  144  8:37  Immortal (Chrono Boost)  
  148  8:41  Psionic Storm  
  148  8:45  Photon Cannon  
  148  8:46  Nexus  
  148  8:47  Pylon  
  148  8:48  High Templar, Photon Cannon  
  148  8:49  High Templar  
  152  8:56  Photon Cannon  
  152  8:59  Shield Battery  
  152  9:00  High Templar  
  152  9:02  Probe x2  
  156  9:03  Probe  
  156  9:09  Immortal  
  159  9:14  Probe  
  160  9:21  Zealot x7  
  172  9:29  Fleet Beacon  
  172  9:30  Probe  
  173  9:35  Assimilator  
  165  9:38  High Templar, Assimilator  
  165  9:42  High Templar  
  165  9:45  Zealot x3  
  171  9:48  Probe x2  
  169  9:55  Photon Cannon, Shield Battery  
  167  10:02  Stargate  
  167  10:04  Stargate  
  167  10:06  Protoss Air Weapons Level 1 (Chrono Boost)  
  161  10:25  Protoss Ground Weapons Level 3 (Chrono Boost)  
  155  10:34  Photon Cannon  
  155  10:35  Zealot x2  
  159  10:36  Photon Cannon  
  159  10:37  Shield Battery  
  159  10:40  High Templar, Probe x2  
  159  10:41  Pylon  
  163  10:43  High Templar  
  163  10:44  Zealot x4  
  163  10:46  Probe  
  173  10:50  Carrier x2 (Chrono Boost)  
  185  10:59  Carrier (Chrono Boost)  
  191  11:05  Photon Cannon  
  191  11:06  Photon Cannon  
  191  11:15  Zealot  
  191  11:16  Zealot x3  
  179  11:26  High Templar x2  
  179  11:27  Zealot x2  
  173  11:43  Photon Cannon  
  173  11:44  Carrier x2 (Chrono Boost)  
  173  11:47  Shield Battery  
  185  11:50  Shield Battery  
  185  11:51  Shield Battery  
  185  11:53  Carrier (Chrono Boost)  
  189  12:01  Photon Cannon  
  189  12:03  Photon Cannon  
  189  12:05  Shield Battery  
  187  12:17  Probe  
  187  12:20  High Templar x3  
  187  12:21  High Templar  
  192  12:26  Archon x2  
  190  12:30  Photon Cannon  
  190  12:38  Photon Cannon  
  190  12:39  Blink (Chrono Boost)  
  190  12:43  Gateway  
  190  12:44  Gateway  
  190  12:46  Gateway  
  190  12:48  Gateway  
  190  12:50  Zealot x3  
  192  12:51  Gateway  
  190  13:06  High Templar x2  
  190  13:07  High Templar  
  194  13:15  Photon Cannon  
  194  13:17  Photon Cannon  
  194  13:18  Photon Cannon  
  194  13:21  Zealot  
  194  13:22  Zealot x2  
  190  13:33  Photon Cannon x2  
  188  13:34  Photon Cannon, Shield Battery  
  180  13:42  Zealot x2  
  180  13:43  Zealot x4  
  174  14:02  Zealot x7  
  188  14:03  Zealot x4  
  176  14:23  High Templar x2  
  176  14:24  High Templar x9  
  188  14:30  Archon x2, Carrier x3 (Chrono Boost)  
  188  14:31  High Templar x2, Zealot  
  156  14:32  High Templar x4  
  156  14:35  High Templar x2  
  156  14:36  High Templar  
  178  14:47  Protoss Shields Level 1  
  175  15:09  Protoss Air Weapons Level 2 (Chrono Boost)  
  175  15:12  High Templar x3, Zealot  
  175  15:13  Zealot x5  
  191  15:20  Nexus  
  190  15:26  Pylon  
  190  15:27  Photon Cannon  
  190  15:29  Shield Battery  
  190  15:35  High Templar x3  
  196  15:40  High Templar, Archon  
  198  15:45  Archon  
  197  15:51  Stalker x3  
  199  15:57  Nexus  
  199  16:04  Pylon  
  199  16:05  Assimilator x2  
  199  16:25  Void Ray (Chrono Boost)  
  199  16:28  Void Ray x2 (Chrono Boost)  
  199  16:35  Archon x5  
  199  16:39  Flux Vanes  
  181  16:42  High Templar x2  
  181  16:44  Photon Cannon  
  173  16:50  Zealot x5  
  173  16:51  Zealot x4  
  185  16:56  Photon Cannon  
  182  17:11  Void Ray  
  182  17:12  Void Ray x2  
  194  17:24  Photon Cannon  
  194  17:27  Pylon  
  194  17:28  Photon Cannon, Shield Battery  
  188  17:36  High Templar x2  
  182  17:37  Zealot  
  182  17:40  Pylon  
  182  17:51  Nexus  
Show
View Real Time Build Order
Export as new Build Order

Scarlett Zerg 

Build Orders: Hatch First, Swarm Host 

Get SALT Encoding   

  12  0:00  Drone  
  13  0:13  Overlord  
  13  0:17  Drone  
  14  0:32  Drone x2  
  16  0:39  Drone  
  17  0:50  Hatchery  
  17  0:55  Drone  
  17  0:57  Drone  
  18  1:09  Extractor  
  17  1:12  Spawning Pool  
  17  1:17  Drone  
  17  1:20  Drone  
  18  1:30  Drone  
  19  1:39  Drone  
  20  1:51  Overlord  
  20  2:00  Queen  
  22  2:02  Queen  
  22  2:03  Zergling x4  
  26  2:12  Drone  
  26  2:14  Drone  
  28  2:16  Metabolic Boost  
  29  2:22  Drone  
  29  2:25  Drone  
  30  2:34  Hatchery  
  29  2:40  Drone x2  
  31  2:46  Overlord  
  31  2:49  Zergling x2  
  32  2:54  Drone  
  31  3:07  Drone x3  
  34  3:14  Drone x3  
  34  3:15  Queen  
  34  3:17  Queen  
  41  3:25  Drone x2  
  43  3:32  Spore Crawler  
  40  3:35  Drone x2  
  40  3:38  Spore Crawler  
  39  3:49  Drone x3  
  39  3:51  Drone  
  39  3:53  Spore Crawler  
  39  3:55  Drone  
  42  3:58  Spore Crawler  
  42  4:02  Overlord  
  42  4:04  Spore Crawler  
  42  4:07  Drone, Overlord  
  43  4:21  Drone x4  
  43  4:23  Overlord  
  43  4:24  Drone  
  48  4:29  Drone  
  48  4:30  Drone x3, Queen  
  54  4:32  Overlord  
  54  4:35  Drone x2  
  56  4:42  Overlord  
  58  4:47  Drone x3  
  58  4:52  Extractor x2  
  59  4:55  Roach Warren  
  59  4:57  Drone x4  
  63  5:00  Drone  
  63  5:01  Drone  
  63  5:02  Drone  
  63  5:04  Drone  
  63  5:05  Drone x4  
  68  5:07  Drone x2  
  68  5:11  Lair  
  70  5:14  Extractor  
  70  5:15  Zergling x4  
  71  5:22  Overlord  
  71  5:26  Drone x4  
  71  5:27  Drone  
  71  5:31  Zergling x2  
  70  5:38  Drone x6  
  76  5:45  Drone  
  76  5:46  Drone x2  
  77  5:53  Drone x6  
  80  5:58  Evolution Chamber  
  80  6:03  Drone x2, Extractor x2  
  79  6:08  Overlord  
  79  6:11  Overseer  
  79  6:15  Roach x3  
  85  6:19  Hatchery  
  85  6:24  Drone, Zerg Missile Weapons Level 1  
  85  6:26  Infestation Pit  
  85  6:28  Queen x2  
  85  6:32  Drone x2  
  90  6:33  Glial Reconstitution  
  90  6:36  Overlord  
  90  6:44  Zergling x2, Overlord x2  
  90  6:45  Zergling x12  
  96  6:51  Overlord x2  
  96  7:01  Overlord x2  
  96  7:04  Swarm Host x5  
  111  7:10  Swarm Host x3  
  120  7:19  Swarm Host x4  
  120  7:20  Swarm Host  
  135  7:26  Swarm Host x3  
  135  7:28  Overlord  
  144  7:30  Ravager  
  145  7:39  Ravager x2  
  145  7:40  Roach  
  145  7:42  Zergling x2, Roach  
  152  7:44  Overlord x2  
  151  7:56  Roach x4  
  159  8:02  Overlord x2  
  159  8:06  Roach x8  
  175  8:18  Extractor  
  172  8:21  Drone x10  
  179  8:32  Overlord  
  172  8:34  Zerg Missile Weapons Level 2  
  172  8:38  Extractor  
  171  8:42  Spine Crawler  
  171  8:45  Hive  
  171  8:47  Overlord  
  171  8:48  Ravager x6  
  176  8:56  Roach x7  
  178  9:35  Hydralisk Den  
  171  9:39  Drone x2  
  171  9:40  Drone x4  
  171  9:44  Ravager x6  
  183  9:48  Drone x2  
  183  9:49  Drone x2  
  183  10:04  Hatchery  
  182  10:10  Roach x8  
  198  10:18  Unknown  
  188  10:26  Ravager x6  
  182  10:55  Drone, Zerg Missile Weapons Level 3  
  174  11:00  Roach x7  
  174  11:01  Lurker Den  
  187  11:07  Ravager x7  
  187  11:08  Overseer, Overlord  
  194  11:12  Muscular Augments  
  177  11:34  Roach x13  
  200  11:47  Hatchery  
  199  11:55  Ravager  
  199  12:00  Seismic Spines  
  200  12:03  Pneumatized Carapace  
  200  12:08  Spire  
  200  12:09  Spire  
  188  12:24  Overlord  
  179  12:33  Grooved Spines, Hydralisk x10  
  192  12:57  Adaptive Talons  
  187  13:01  Hydralisk x6  
  189  13:26  Zerg Flyer Weapons Level 1, Corruptor x9, Zerg Flyer Armor Level 1  
  197  13:32  Extractor, Zerg Ground Armor Level 1  
  198  13:34  Extractor  
  188  13:41  Corruptor  
  188  13:42  Corruptor x4  
  183  13:52  Corruptor x3  
  186  14:02  Corruptor  
  186  14:03  Corruptor x2  
  186  14:08  Corruptor x2  
  171  14:31  Roach x18  
  160  14:41  Hydralisk x2  
  143  14:48  Roach x4  
  140  14:54  Corruptor x4  
  140  14:58  Drone  
  149  15:04  Queen  
  151  15:07  Drone x5  
  151  15:11  Hatchery  
  155  15:16  Corruptor x5  
  165  15:23  Drone  
  165  15:25  Drone x2  
  165  15:26  Drone x2  
  170  15:29  Corruptor x3  
  176  15:49  Lurker x2  
  178  15:54  Corruptor x2  
  182  15:59  Corruptor  
  182  16:03  Corruptor  
  184  16:06  Unknown  
  184  16:07  Drone x3  
  184  16:08  Corruptor  
  184  16:09  Zergling x2  
  184  16:10  Zergling x16  
  165  16:37  Corruptor x5  
  165  16:39  Hydralisk  
  143  16:40  Roach x3, Zergling x6  
  123  16:48  Roach x9  
  125  17:01  Hatchery  
  119  17:05  Ravager x2  
  119  17:07  Drone x3  
  118  17:10  Hydralisk x4  
  124  17:18  Hydralisk x2  
  114  17:40  Lurker  
  114  17:41  Lurker  
Tags
 
Add a new tag
Caveats
  • Supply blocks, unpowered buildings, or Contaminate may cause inaccurate times.
  • Supply counts are checked every 10 seconds.